Marlies vs Devils

Created - Wednesday, December 02, 2015 at 01:39

Goals
1 2 3 OT1 SO T
Marlies 0 1 0 0 2 1
Devils 0 1 0 0 3 2
Shots
1 2 3 OT1 SO T
Marlies 12 7 8 3 9 30
Devils 10 14 4 0 9 28

1st period

No Goal

Penalties :
Matthew Ford (ALB) for Fighting (Major) at 12:58, Chad Nehring (TOR) for Fighting (Major) at 12:58, Sena Acolatse (ALB) for Holding (Minor) at 13:57

2nd period

1. Devils , Darroll Powe 1 (Sean Collins, Sena Acolatse) at 10:27
2. Marlies , Scott Harrington 12 (Chad Nehring, Nicolas Deschamps) at 17:33

Penalties :
Darren Archibald (ALB) for Fighting (Major) at 2:35, Andrew Yogan (TOR) for Fighting (Major) at 2:35, Jordan Martinook (ALB) for Fighting (Major) at 9:24, Colton Gillies (TOR) for Fighting (Major) at 9:24, Chris Mueller (ALB) for Fighting (Major) at 13:37, Travis Ehrhardt (TOR) for Fighting (Major) at 13:37, Chris Mueller (ALB) for instigated a fight (Minor) at 13:37, Chris Mueller (ALB) for instigated a fight (10 Minutes Misconduct) at 13:37, Matthew Ford (ALB) for Fighting (Major) at 17:13, Phil Di Giuseppe (TOR) for Fighting (Major) at 17:13

3rd period

No Goal

Penalties :
Shane Bakker (TOR) for Interference (Minor) at 10:42, Jonathon Blum (TOR) for Hooking (Minor) at 19:01

Overtime #1

No Goal

Penalties :
No Penalty

Shootout

Penalty Shot by Andrew Yogan for Marlies - Stopped by Jason Missiaen
Penalty Shot by Tom Kuhnhackl for Devils - Stopped by Peter Mannino
Penalty Shot by Ryan Carpenter for Marlies - Shot Misses the Net
Penalty Shot by Justin Dowling for Devils - Stopped by Peter Mannino
Penalty Shot by Phil Di Giuseppe for Marlies - Stopped by Jason Missiaen
Penalty Shot by Chris Mueller for Devils - Stopped by Peter Mannino
Penalty Shot by Gemel Smith for Marlies - Goal!
Penalty Shot by Jordan Martinook for Devils - Goal!
Penalty Shot by Austen Brassard for Marlies - Shot Misses the Net
Penalty Shot by Matthew Ford for Devils - Stopped by Peter Mannino
Penalty Shot by Brock McGinn for Marlies - Stopped by Jason Missiaen
Penalty Shot by Yanni Gourde for Devils - Shot Misses the Net
Penalty Shot by Chad Nehring for Marlies - Stopped by Jason Missiaen
Penalty Shot by Sean Collins for Devils - Shot Misses the Net
Penalty Shot by Travis Ehrhardt for Marlies - Goal!
Penalty Shot by Zach O'Brien for Devils - Goal!
Penalty Shot by Bobby Shea for Marlies - Stopped by Jason Missiaen
Penalty Shot by Colin Miller for Devils - Goal!

Penalties :
No Penalty

Goalie Stats

Peter Mannino (TOR), 27 saves from 28 shots - (0.964), OTL, 1-1-2, 65:00 minutes
Jason Missiaen (ALB), 29 saves from 30 shots - (0.967), W, 2-1-0, 65:00 minutes

Players Stats for Marlies

Player Name              G  A  P  +/- PIM S  H  SB GA TA FO     MP     PP MP  PK MP  
------------------------------------------------------------------------------------
Andrew O'Brien           0  0  0   0  0   0  3  1  1  0  0/0    16:13   1:05   0:00 
Andrew Yogan             0  0  0   0  5   2  4  0  1  1  2/5    14:40   0:00   0:34 
Austen Brassard          0  0  0   0  0   0  3  1  1  1  0/1    13:00   2:03   0:00 
Bobby Shea               0  0  0   0  0   0  1  1  1  1  0/0    16:22   0:00   1:12 
Brandon MacLean          0  0  0   0  0   0  0  0  0  0  0/2     4:37   0:00   0:00 
Brock McGinn             0  0  0   0  0   3  0  1  3  3  0/2    16:12   0:00   0:27 
Chad Nehring             0  1  1   1  5   1  0  0  2  0  7/12   11:58   0:00   0:14 
Colton Gillies           0  0  0   0  5   3  1  0  0  2  4/4    22:24   1:29   2:16 
Gemel Smith              0  0  0  -1  0   3  0  1  4  0  8/13   20:44   1:55   0:53 
Ian Schultz              0  0  0  -1  0   2  5  0  3  0  0/0    18:52   1:55   0:00 
Jonathon Blum            0  0  0   0  2   2  1  0  0  1  0/0    27:11   1:43   1:23 
Morgan Ellis             0  0  0   0  0   4  2  1  2  1  0/0    22:16   2:15   1:22 
Nicolas Deschamps        0  1  1   1  0   2  1  0  2  1  0/0    12:11   0:00   0:00 
Phil Di Giuseppe         0  0  0  -1  5   1  1  0  4  0  1/1    18:03   1:55   0:43 
Ryan Carpenter           0  0  0   1  0   1  1  0  0  0  4/10   24:09   2:03   1:47 
Scott Harrington         1  0  1   0  0   6  1  1  1  5  0/0    28:24   1:43   2:35 
Shane Bakker             0  0  0   0  2   0  1  0  0  0  1/1     8:06   0:34   0:00 
Travis Ehrhardt          0  0  0   0  5   0  0  0  1  3  0/0    20:19   1:10   1:22 

Players Stats for Devils

Player Name              G  A  P  +/- PIM S  H  SB GA TA FO     MP     PP MP  PK MP  
------------------------------------------------------------------------------------
Chris Mueller            0  0  0   0  17  2  1  3  1  1  0/3    16:57   1:54   1:23 
Colin Miller             0  0  0  -1  0   1  2  3  0  0  0/0    26:56   1:27   1:06 
Darren Archibald         0  0  0   0  5   0  2  0  0  1  3/3    12:15   0:00   1:45 
Darroll Powe             1  0  1   1  0   3  2  0  2  0  0/0    17:54   0:45   0:01 
Gabriel Beaupre          0  0  0   1  0   0  0  0  0  2  0/0    17:33   1:30   0:00 
Garrett Thompson         0  0  0  -1  0   2  3  2  0  2  0/0    26:56   1:27   1:06 
Joel Hanley              0  0  0   1  0   2  2  3  0  0  0/0    17:41   0:00   2:52 
John Ramage              0  0  0   0  0   4  0  1  0  1  0/0    16:52   0:00   0:00 
Jordan Martinook         0  0  0   0  5   2  3  1  1  2  8/17   17:10   1:54   2:36 
Justin Dowling           0  0  0   0  0   3  2  1  4  1  1/4    21:35   1:54   0:35 
Matthew Ford             0  0  0   1  10  2  2  0  0  0  4/11   14:54   1:03   0:00 
Rod Pelley               0  0  0   0  0   1  2  0  1  0  0/1    10:58   0:00   1:08 
Scooter Vaughan          0  0  0  -1  0   0  1  2  1  0  1/1    17:09   0:18   2:52 
Sean Collins             0  1  1   1  0   2  1  0  4  0  0/0    16:57   1:03   0:00 
Sena Acolatse            0  1  1   0  2   0  0  1  1  2  0/0    21:14   1:30   0:00 
Tom Kuhnhackl            0  0  0   0  0   0  0  0  6  0  3/4    15:46   0:00   0:00 
Yanni Gourde             0  0  0  -1  0   3  0  0  5  1  4/7    13:32   0:00   0:35 
Zach O'Brien             0  0  0  -1  0   1  1  0  4  0  0/0    13:30   0:00   0:00 

3 Stars

1 - Jason Missiaen (ALB)
2 - Peter Mannino (TOR)
3 - Darroll Powe (ALB)

Power Play

Marlies - 0 on 2 Attempt(s) - 0.00%
Devils - 0 on 3 Attempt(s) - 0.00%

Penalty Kill

Marlies - 3 on 3 Attempt(s) - 100.00% - Score 0 goal in Penalty Kill
Devils - 2 on 2 Attempt(s) - 100.00% - Score 0 goal in Penalty Kill

Team Stat

Marlies - Hits : 25 - Faceoff Wins : 27 - Blocked Shots : 7 - Penalty Minutes : 29
Devils - Hits : 24 - Faceoff Wins : 24 - Blocked Shots : 17 - Penalty Minutes : 39

Official

Referees : Unknown
Linesman : Unknown

Game Notes

Matthew Ford and Chad Nehring fight to a draw at 12:58 of 1st period
1:55 of 2nd period - Penalty Shot by Morgan Ellis for Marlies - Stopped by Jason Missiaen
Darren Archibald and Andrew Yogan fight to a draw at 2:35 of 2nd period
Brandon MacLean is injured at 9:09 of 2nd period (Right Foot)
Jordan Martinook and Colton Gillies fight to a draw at 9:24 of 2nd period
Chris Mueller and Travis Ehrhardt fight to a draw at 13:37 of 2nd period
Phil Di Giuseppe beats up Matthew Ford at 17:13 of 2nd period
Andrew O'Brien is injured at 17:47 of 3rd period (Strained Right Elbow)
Colton Gillies is injured at 0:55 of 1st overtime period (Torn Right Knee Ligaments)

Finance

Level 1 -- Attendance: 1356 (67.80%) -- Ticket Income $47,460
Level 2 -- Attendance: 789 (78.90%) -- Ticket Income $11,835
Total Attendance: 2145 (71.50%)
Total Ticket Income: $59,295
Other Income: $29,055
Total Income: $88,350

Marlies

5 vs 5 Forward 
   Center                   Left Wing                Right Wing               Time % Phy DF OF 
 1 Ryan Carpenter           Colton Gillies           Austen Brassard          35     1   2  2  
 2 Gemel Smith              Phil Di Giuseppe         Ian Schultz              30     1   2  2  
 3 Andrew Yogan             Brock McGinn             Colton Gillies           22     1   2  2  
 4 Chad Nehring             Nicolas Deschamps        Ryan Carpenter           13     1   2  2  

5 vs 5 Defense 
   Defense                  Defense                                           Time % Phy DF OF 
 1 Scott Harrington         Jonathon Blum                                     35     1   2  2  
 2 Morgan Ellis             Travis Ehrhardt                                   30     1   2  2  
 3 Andrew O'Brien           Bobby Shea                                        22     1   2  2  
 4 Scott Harrington         Jonathon Blum                                     13     1   2  2  

PowerPlay Forward 
   Center                   Left Wing                Right Wing               Time % Phy DF OF 
 1 Ryan Carpenter           Colton Gillies           Austen Brassard          60     1   2  2  
 2 Gemel Smith              Phil Di Giuseppe         Ian Schultz              40     1   2  2  

PowerPlay Defense
   Defense                  Defense                                           Time % Phy DF OF 
 1 Scott Harrington         Jonathon Blum                                     60     1   2  2  
 2 Morgan Ellis             Travis Ehrhardt                                   40     1   2  2  

Penalty Kill 4 Players Forward 
   Center                   Wing                     Time % Phy DF OF 
 1 Colton Gillies           Ryan Carpenter           60     1   2  2  
 2 Phil Di Giuseppe         Gemel Smith              40     1   2  2  

Penalty Kill 4 Players Defense
   Defense                  Defense                  Time % Phy DF OF 
 1 Scott Harrington         Jonathon Blum            60     1   2  2  
 2 Morgan Ellis             Travis Ehrhardt          40     1   2  2  

Penalty Kill - 3 Players Forward 
   Forward                                           Time % Phy DF OF 
 1 Colton Gillies                                    60     1   2  2  
 2 Ryan Carpenter                                    40     1   2  2  

Penalty Kill - 3 Players Defense
   Defense                  Defense                  Time % Phy DF OF 
 1 Scott Harrington         Jonathon Blum            60     1   2  2  
 2 Morgan Ellis             Travis Ehrhardt          40     1   2  2  

4 vs 4 Forward 
   Center                   Wing                     Time % Phy DF OF 
 1 Colton Gillies           Ryan Carpenter           60     1   2  2  
 2 Phil Di Giuseppe         Gemel Smith              40     1   2  2  

4 vs 4 Defense
   Defense                  Defense                  Time % Phy DF OF 
 1 Scott Harrington         Jonathon Blum            60     1   2  2  
 2 Morgan Ellis             Travis Ehrhardt          40     1   2  2  

Last Minutes Offensive
   Center                   Left Wing                Right Wing               Defense                  Defense                  
   Ryan Carpenter           Colton Gillies           Austen Brassard          Scott Harrington         Jonathon Blum            

Last Minutes Defensive
   Center                   Left Wing                Right Wing               Defense                  Defense                  
   Ryan Carpenter           Colton Gillies           Austen Brassard          Scott Harrington         Jonathon Blum            

Goaltenders
Starting : Peter Mannino            
Backup : Dustin Tokarski          

Extra Forwards
Normal : Brandon MacLean, Shane Bakker, Andrew Yogan - PP : Brandon MacLean, Shane Bakker - PK : Andrew Yogan
Extra Defensemen
Normal : Andrew O'Brien, Bobby Shea, Morgan Ellis - PP : Andrew O'Brien - PK : Bobby Shea, Morgan Ellis
Penalty Shots
Colton Gillies, Ryan Carpenter, Phil Di Giuseppe, Gemel Smith, Austen Brassard

Devils

5 vs 5 Forward 
   Center                   Left Wing                Right Wing               Time % Phy DF OF 
 1 Jordan Martinook         Justin Dowling           Chris Mueller            35     1   2  2  
 2 Matthew Ford             Darroll Powe             Sean Collins             30     1   2  2  
 3 Yanni Gourde             Zach O'Brien             Scooter Vaughan          22     1   2  2  
 4 Darren Archibald         Rod Pelley               Tom Kuhnhackl            13     1   2  2  

5 vs 5 Defense 
   Defense                  Defense                                           Time % Phy DF OF 
 1 Colin Miller             Garrett Thompson                                  35     1   2  2  
 2 John Ramage              Sena Acolatse                                     30     1   2  2  
 3 Gabriel Beaupre          Joel Hanley                                       22     1   2  2  
 4 Colin Miller             Garrett Thompson                                  13     1   2  2  

PowerPlay Forward 
   Center                   Left Wing                Right Wing               Time % Phy DF OF 
 1 Chris Mueller            Justin Dowling           Jordan Martinook         60     1   2  2  
 2 Matthew Ford             Sean Collins             Darroll Powe             40     1   2  2  

PowerPlay Defense
   Defense                  Defense                                           Time % Phy DF OF 
 1 Colin Miller             Garrett Thompson                                  60     1   2  2  
 2 Sena Acolatse            Gabriel Beaupre                                   40     1   2  2  

Penalty Kill 4 Players Forward 
   Center                   Wing                     Time % Phy DF OF 
 1 Jordan Martinook         Chris Mueller            60     1   2  2  
 2 Justin Dowling           Yanni Gourde             40     1   2  2  

Penalty Kill 4 Players Defense
   Defense                  Defense                  Time % Phy DF OF 
 1 Garrett Thompson         Colin Miller             60     1   2  2  
 2 Joel Hanley              Scooter Vaughan          40     1   2  2  

Penalty Kill - 3 Players Forward 
   Forward                                           Time % Phy DF OF 
 1 Jordan Martinook                                  60     1   2  2  
 2 Darren Archibald                                  40     1   2  2  

Penalty Kill - 3 Players Defense
   Defense                  Defense                  Time % Phy DF OF 
 1 Garrett Thompson         Colin Miller             60     1   2  2  
 2 John Ramage              Joel Hanley              40     1   2  2  

4 vs 4 Forward 
   Center                   Wing                     Time % Phy DF OF 
 1 Justin Dowling           Chris Mueller            60     1   2  2  
 2 Scooter Vaughan          Zach O'Brien             40     1   2  2  

4 vs 4 Defense
   Defense                  Defense                  Time % Phy DF OF 
 1 Colin Miller             Garrett Thompson         60     1   2  2  
 2 Gabriel Beaupre          Sena Acolatse            40     1   2  2  

Last Minutes Offensive
   Center                   Left Wing                Right Wing               Defense                  Defense                  
   Jordan Martinook         Chris Mueller            Justin Dowling           Colin Miller             Garrett Thompson         

Last Minutes Defensive
   Center                   Left Wing                Right Wing               Defense                  Defense                  
   Jordan Martinook         Chris Mueller            Justin Dowling           Colin Miller             Garrett Thompson         

Goaltenders
Starting : Jason Missiaen           
Backup : Anthony Stolarz          

Extra Forwards
Normal : Tom Kuhnhackl, Justin Dowling, Chris Mueller - PP : Jordan Martinook, Matthew Ford - PK : Rod Pelley
Extra Defensemen
Normal : Garrett Thompson, John Ramage, Colin Miller - PP : Garrett Thompson - PK : Gabriel Beaupre, Colin Miller
Penalty Shots
Tom Kuhnhackl, Justin Dowling, Chris Mueller, Jordan Martinook, Matthew Ford

% Time on Ice - Marlies

Lines # - Real PCT - Wanted PCT - Time Play
Normal Forward
1 - 20% - 35% - 10:32
2 - 31% - 30% - 16:35
3 - 26% - 22% - 13:47
4 - 23% - 13% - 12:11
Normal Defense
1 - 32% - 35% - 16:51
2 - 32% - 30% - 16:52
3 - 27% - 22% - 14:18
4 - 10% - 13% - 5:04
PP Forward
1 - 52% - 60% - 2:03
2 - 48% - 40% - 1:55
PP Defense
1 - 43% - 60% - 1:43
2 - 57% - 40% - 2:15
PK Forward
1 - 100% - 60% - 2:57
2 - 0% - 40% - 0:00
PK Defense
1 - 58% - 60% - 1:42
2 - 42% - 40% - 1:15
PK3 Forward
1 - 100% - 60% - 1:01
2 - 0% - 40% - 0:00
PK3 Defense
1 - 87% - 60% - 0:53
2 - 13% - 40% - 0:08
44 Forward
1 - 100% - 60% - 3:59
2 - 0% - 40% - 0:00
44 Defense
1 - 55% - 60% - 2:11
2 - 45% - 40% - 1:48
Last Minute Offensive  - 0:00
Last Minute Defensive  - 0:00
Total
Forward - 65:00
Defense - 65:00

% Time on Ice - Devils

Lines # - Real PCT - Wanted PCT - Time Play
Normal Forward
1 - 29% - 35% - 15:38
2 - 30% - 30% - 15:54
3 - 24% - 22% - 12:58
4 - 16% - 13% - 8:35
Normal Defense
1 - 32% - 35% - 16:57
2 - 33% - 30% - 17:42
3 - 27% - 22% - 14:06
4 - 8% - 13% - 4:20
PP Forward
1 - 64% - 60% - 1:54
2 - 36% - 40% - 1:03
PP Defense
1 - 49% - 60% - 1:27
2 - 51% - 40% - 1:30
PK Forward
1 - 85% - 60% - 3:23
2 - 15% - 40% - 0:35
PK Defense
1 - 28% - 60% - 1:06
2 - 72% - 40% - 2:52
PK3 Forward
1 - 0% - 60%
2 - 0% - 40%
PK3 Defense
1 - 0% - 60%
2 - 0% - 40%
44 Forward
1 - 89% - 60% - 4:27
2 - 11% - 40% - 0:33
44 Defense
1 - 62% - 60% - 3:07
2 - 38% - 40% - 1:53
Last Minute Offensive  - 0:00
Last Minute Defensive  - 0:00
Total
Forward - 65:00
Defense - 65:00

Play by Play

1st period


0:01 of 1st period - Jordan Martinook wins face-off versus Ryan Carpenter in neutral zone.
0:12 of 1st period - Snap shot by Chris Mueller.
0:12 of 1st period - Stopped by Peter Mannino with a rebound.
0:30 of 1st period - Slapshot by Scott Harrington.
0:30 of 1st period - Shot Blocked by Colin Miller.
1:02 of 1st period - Snap shot by Darroll Powe.
1:02 of 1st period - Stopped by Peter Mannino with a rebound.
1:04 of 1st period - Slapshot by John Ramage.
1:04 of 1st period - Shot Misses the Net.
1:06 of 1st period - Snap shot by Sena Acolatse.
1:06 of 1st period - Shot Misses the Net.
1:22 of 1st period - Snap shot by Darroll Powe.
1:22 of 1st period - Shot Misses the Net.
1:24 of 1st period - Slapshot by John Ramage.
1:24 of 1st period - Stopped by Peter Mannino with a rebound.
1:46 of 1st period - Icing by Travis Ehrhardt.
1:47 of 1st period - Yanni Gourde wins face-off versus Andrew Yogan in Marlies zone.
2:08 of 1st period - Slapshot by Morgan Ellis.
2:08 of 1st period - Deflect By Brock McGinn.
2:08 of 1st period - Stopped by Jason Missiaen with a rebound.
2:10 of 1st period - Snap shot by Brock McGinn.
2:10 of 1st period - Shot Misses the Net.
2:12 of 1st period - Snap shot by Brock McGinn.
2:12 of 1st period - Stopped by Jason Missiaen with a rebound.
2:26 of 1st period - Snap shot by Chad Nehring.
2:26 of 1st period - Stopped by Jason Missiaen with a rebound.
2:39 of 1st period - Gabriel Beaupre is hit by Ryan Carpenter and loses puck.
3:21 of 1st period - Slapshot by Colin Miller.
3:21 of 1st period - Stopped by Peter Mannino with a rebound.
3:23 of 1st period - Snap shot by Rod Pelley.
3:23 of 1st period - Shot Hit the Post.
3:25 of 1st period - Wrist shot by Rod Pelley.
3:25 of 1st period - Stopped by Peter Mannino without a rebound.
3:26 of 1st period - Gemel Smith wins face-off versus Jordan Martinook in Marlies zone.
3:31 of 1st period - Snap shot by Scott Harrington.
3:31 of 1st period - Shot Blocked by Chris Mueller.
3:39 of 1st period - Snap shot by Chris Mueller.
3:39 of 1st period - Stopped by Peter Mannino with a rebound.
3:55 of 1st period - Wrist shot by Justin Dowling.
3:55 of 1st period - Stopped by Peter Mannino with a rebound.
4:34 of 1st period - Snap shot by Matthew Ford.
4:34 of 1st period - Deflect By Sean Collins.
4:34 of 1st period - Shot Misses the Net.
4:34 of 1st period - Puck is out of play.
4:35 of 1st period - Darren Archibald wins face-off versus Brock McGinn in Marlies zone.
5:12 of 1st period - Travis Ehrhardt is hit by Darren Archibald and loses puck.
7:40 of 1st period - Snap shot by Nicolas Deschamps.
7:40 of 1st period - Stopped by Jason Missiaen without a rebound.
7:41 of 1st period - Darren Archibald wins face-off versus Chad Nehring in Devils zone.
7:56 of 1st period - Morgan Ellis is hit by Darren Archibald and loses puck.
8:05 of 1st period - Slapshot by Colin Miller.
8:05 of 1st period - Shot Blocked by Morgan Ellis.
8:07 of 1st period - Wrist shot by Garrett Thompson.
8:07 of 1st period - Stopped by Peter Mannino without a rebound.
8:08 of 1st period - Gemel Smith wins face-off versus Jordan Martinook in Marlies zone.
8:27 of 1st period - Wrist shot by Justin Dowling.
8:27 of 1st period - Deflect By Jordan Martinook.
8:27 of 1st period - Stopped by Peter Mannino without a rebound.
8:28 of 1st period - Jordan Martinook wins face-off versus Gemel Smith in Marlies zone.
9:00 of 1st period - Icing by Colton Gillies.
9:01 of 1st period - Andrew Yogan wins face-off versus Matthew Ford in Marlies zone.
9:15 of 1st period - Snap shot by Sean Collins.
9:15 of 1st period - Deflect By Matthew Ford.
9:15 of 1st period - Shot Misses the Net.
9:15 of 1st period - Puck is out of play.
9:16 of 1st period - Matthew Ford wins face-off versus Chad Nehring in Marlies zone.
9:37 of 1st period - Backhand shot by Chad Nehring.
9:37 of 1st period - Deflect By Sean Collins.
9:37 of 1st period - Shot Blocked by Sena Acolatse.
9:37 of 1st period - Puck is out of play.
9:38 of 1st period - Jordan Martinook wins face-off versus Andrew Yogan in Devils zone.
9:43 of 1st period - Morgan Ellis is hit by Jordan Martinook and loses puck.
10:12 of 1st period - Icing by Colin Miller.
10:13 of 1st period - Jordan Martinook wins face-off versus Gemel Smith in Devils zone.
10:30 of 1st period - Snap shot by Gemel Smith.
10:30 of 1st period - Stopped by Jason Missiaen without a rebound.
10:31 of 1st period - Chad Nehring wins face-off versus Matthew Ford in Devils zone.
10:58 of 1st period - Snap shot by Sean Collins.
10:58 of 1st period - Deflect By Matthew Ford.
10:58 of 1st period - Shot Misses the Net.
10:58 of 1st period - Puck is out of play.
10:59 of 1st period - Phil Di Giuseppe wins face-off versus Yanni Gourde in Marlies zone.
11:45 of 1st period - Austen Brassard is hit by Garrett Thompson and loses puck.
11:58 of 1st period - Tom Kuhnhackl is hit by Austen Brassard and loses puck.
12:58 of 1st period - Matthew Ford and Chad Nehring fight to a draw.
12:58 of 1st period - Penalty to Matthew Ford for Fighting.
12:58 of 1st period - Penalty to Chad Nehring for Fighting.
12:59 of 1st period - Gemel Smith wins face-off versus Jordan Martinook in neutral zone.
13:23 of 1st period - Gemel Smith is hit by Colin Miller and loses puck.
13:34 of 1st period - Snap shot by Ian Schultz.
13:34 of 1st period - Shot Blocked by Justin Dowling.
13:57 of 1st period - Minor Penalty to Sena Acolatse for Holding.
13:58 of 1st period - Ryan Carpenter wins face-off versus Chris Mueller in Devils zone.
13:58 of 1st period - Slapshot by Colton Gillies.
13:58 of 1st period - Stopped by Jason Missiaen with a rebound.
14:00 of 1st period - Snap shot by Colton Gillies.
14:00 of 1st period - Shot Misses the Net.
14:02 of 1st period - Snap shot by Colton Gillies.
14:02 of 1st period - Shot Blocked by Joel Hanley.
14:04 of 1st period - Wrist shot by Ryan Carpenter.
14:04 of 1st period - Shot Misses the Net.
14:06 of 1st period - Wrist shot by Morgan Ellis.
14:06 of 1st period - Shot Blocked by Jordan Martinook.
14:08 of 1st period - Slapshot by Morgan Ellis.
14:08 of 1st period - Shot Misses the Net.
14:10 of 1st period - Snap shot by Austen Brassard.
14:10 of 1st period - Deflect By Jordan Martinook.
14:10 of 1st period - Shot Blocked by Scooter Vaughan.
14:10 of 1st period - Puck is out of play.
14:11 of 1st period - Ryan Carpenter wins face-off versus Jordan Martinook in Devils zone.
14:50 of 1st period - Wrist shot by Ian Schultz.
14:50 of 1st period - Stopped by Jason Missiaen with a rebound.
14:52 of 1st period - Snap shot by Morgan Ellis.
14:52 of 1st period - Shot Misses the Net.
14:54 of 1st period - Slapshot by Morgan Ellis.
14:54 of 1st period - Stopped by Jason Missiaen with a rebound.
14:56 of 1st period - Wrist shot by Travis Ehrhardt.
14:56 of 1st period - Shot Blocked by Joel Hanley.
14:58 of 1st period - Snap shot by Jonathon Blum.
14:58 of 1st period - Shot Blocked by Chris Mueller.
15:00 of 1st period - Slapshot by Scott Harrington.
15:00 of 1st period - Stopped by Jason Missiaen with a rebound.
15:11 of 1st period - Slapshot by Jonathon Blum.
15:11 of 1st period - Deflect By Phil Di Giuseppe.
15:11 of 1st period - Stopped by Jason Missiaen with a rebound.
15:29 of 1st period - Wrist shot by Colton Gillies.
15:29 of 1st period - Stopped by Jason Missiaen with a rebound.
15:31 of 1st period - Snap shot by Colton Gillies.
15:31 of 1st period - Shot Blocked by Scooter Vaughan.
15:33 of 1st period - Wrist shot by Colton Gillies.
15:33 of 1st period - Stopped by Jason Missiaen with a rebound.
15:35 of 1st period - Wrist shot by Scott Harrington.
15:35 of 1st period - Shot Blocked by Joel Hanley.
15:57 of 1st period - Penalty to Sena Acolatse is over, Sena Acolatse is back on ice.
16:10 of 1st period - Rod Pelley is hit by Andrew Yogan and loses puck.
17:40 of 1st period - Darroll Powe is hit by Nicolas Deschamps and loses puck.
18:25 of 1st period - Snap shot by Justin Dowling.
18:25 of 1st period - Stopped by Peter Mannino without a rebound.
18:26 of 1st period - Chad Nehring wins face-off versus Jordan Martinook in Marlies zone.
18:26 of 1st period - Chad Nehring is hit by Justin Dowling.
Goals for this period are 0 for Marlies vs 0 for Devils.
Shots for this period are 12 for Marlies vs 10 for Devils.

2nd period


0:01 of 2nd period - Matthew Ford wins face-off versus Ryan Carpenter in neutral zone.
0:50 of 2nd period - Garrett Thompson is hit by Ian Schultz and loses puck.
1:01 of 2nd period - Travis Ehrhardt is hit by Chris Mueller.
1:55 of 2nd period - Penalty Shot by Morgan Ellis for Marlies.
1:55 of 2nd period - Deke by Morgan Ellis.
1:55 of 2nd period - Stopped by Jason Missiaen.
1:56 of 2nd period - Darren Archibald wins face-off versus Chad Nehring in Marlies zone.
2:35 of 2nd period - Darren Archibald and Andrew Yogan fight to a draw.
2:35 of 2nd period - Penalty to Darren Archibald for Fighting.
2:35 of 2nd period - Penalty to Andrew Yogan for Fighting.
2:36 of 2nd period - Gemel Smith wins face-off versus Jordan Martinook in neutral zone.
2:40 of 2nd period - Wrist shot by Scott Harrington.
2:40 of 2nd period - Deflect By Justin Dowling.
2:40 of 2nd period - Stopped by Jason Missiaen with a rebound.
3:28 of 2nd period - Scott Harrington is hit by Matthew Ford and loses puck.
3:37 of 2nd period - Joel Hanley is hit by Austen Brassard and loses puck.
4:16 of 2nd period - Slapshot by Yanni Gourde.
4:16 of 2nd period - Stopped by Peter Mannino without a rebound.
4:17 of 2nd period - Yanni Gourde wins face-off versus Brandon MacLean in Marlies zone.
4:20 of 2nd period - Snap shot by Yanni Gourde.
4:20 of 2nd period - Shot Blocked by Brock McGinn.
4:22 of 2nd period - Snap shot by Zach O'Brien.
4:22 of 2nd period - Stopped by Peter Mannino with a rebound.
4:24 of 2nd period - Slapshot by John Ramage.
4:24 of 2nd period - Stopped by Peter Mannino with a rebound.
4:26 of 2nd period - Slapshot by John Ramage.
4:26 of 2nd period - Stopped by Peter Mannino with a rebound.
4:28 of 2nd period - Snap shot by Scooter Vaughan.
4:28 of 2nd period - Shot Misses the Net.
4:30 of 2nd period - Slapshot by John Ramage.
4:30 of 2nd period - Stopped by Peter Mannino with a rebound.
6:37 of 2nd period - Sean Collins is hit by Phil Di Giuseppe and loses puck.
6:56 of 2nd period - Icing by Matthew Ford.
6:57 of 2nd period - Matthew Ford wins face-off versus Brandon MacLean in Devils zone.
8:57 of 2nd period - Rod Pelley is hit by Andrew O'Brien and loses puck.
9:08 of 2nd period - Brandon MacLean is hit by Rod Pelley and loses puck.
9:09 of 2nd period - Brandon MacLean from Marlies is injured at 9:09 of 2nd period (Right Foot).
9:10 of 2nd period - Jordan Martinook wins face-off versus Ryan Carpenter in Marlies zone.
9:19 of 2nd period - Snap shot by Jordan Martinook.
9:19 of 2nd period - Stopped by Peter Mannino with a rebound.
9:24 of 2nd period - Jordan Martinook and Colton Gillies fight to a draw.
9:24 of 2nd period - Penalty to Jordan Martinook for Fighting.
9:24 of 2nd period - Penalty to Colton Gillies for Fighting.
9:25 of 2nd period - Tom Kuhnhackl wins face-off versus Ryan Carpenter in Marlies zone.
9:44 of 2nd period - Slapshot by Scott Harrington.
9:44 of 2nd period - Deflect By Justin Dowling.
9:44 of 2nd period - Stopped by Jason Missiaen with a rebound.
9:46 of 2nd period - Snap shot by Jonathon Blum.
9:46 of 2nd period - Stopped by Jason Missiaen with a rebound.
9:50 of 2nd period - Snap shot by Austen Brassard.
9:50 of 2nd period - Shot Blocked by Colin Miller.
9:52 of 2nd period - Wrist shot by Ryan Carpenter.
9:52 of 2nd period - Shot Misses the Net.
9:54 of 2nd period - Snap shot by Shane Bakker.
9:54 of 2nd period - Shot Misses the Net.
9:58 of 2nd period - Slapshot by Scott Harrington.
9:58 of 2nd period - Shot Misses the Net.
10:00 of 2nd period - Wrist shot by Jonathon Blum.
10:00 of 2nd period - Shot Blocked by Colin Miller.
10:20 of 2nd period - Sena Acolatse is hit by Ian Schultz and loses puck.
10:27 of 2nd period - Slapshot by Darroll Powe.
10:27 of 2nd period - Goal by Darroll Powe - Marlies : 0 - Devils : 1.
10:28 of 2nd period - Yanni Gourde wins face-off versus Brock McGinn in neutral zone.
10:43 of 2nd period - Zach O'Brien is hit by Morgan Ellis and loses puck.
11:25 of 2nd period - Matthew Ford is hit by Morgan Ellis and loses puck.
11:46 of 2nd period - Wrist shot by Sean Collins.
11:46 of 2nd period - Stopped by Peter Mannino with a rebound.
12:14 of 2nd period - Sean Collins is hit by Bobby Shea and loses puck.
12:27 of 2nd period - Colin Miller is hit by Andrew Yogan.
13:05 of 2nd period - Wrist shot by Nicolas Deschamps.
13:05 of 2nd period - Stopped by Jason Missiaen with a rebound.
13:07 of 2nd period - Snap shot by Ryan Carpenter.
13:07 of 2nd period - Shot Misses the Net.
13:37 of 2nd period - Chris Mueller and Travis Ehrhardt fight to a draw.
13:37 of 2nd period - Penalty to Chris Mueller for Fighting.
13:37 of 2nd period - Penalty to Travis Ehrhardt for Fighting.
13:37 of 2nd period - Penalty to Chris Mueller for instigated a fight.
13:37 of 2nd period - Penalty to Chris Mueller for instigated a fight.
13:38 of 2nd period - Ryan Carpenter wins face-off versus Rod Pelley in neutral zone.
13:53 of 2nd period - Snap shot by Darren Archibald.
13:53 of 2nd period - Shot Blocked by Austen Brassard.
14:24 of 2nd period - Penalty to Jordan Martinook is over, Jordan Martinook is back on ice.
14:30 of 2nd period - Snap shot by Gemel Smith.
14:30 of 2nd period - Stopped by Jason Missiaen without a rebound.
14:31 of 2nd period - Jordan Martinook wins face-off versus Gemel Smith in Devils zone.
15:37 of 2nd period - Penalty to Chris Mueller is over, Matthew Ford is send on ice.
15:48 of 2nd period - Snap shot by Colton Gillies.
15:48 of 2nd period - Shot Misses the Net.
15:50 of 2nd period - Wrist shot by Scott Harrington.
15:50 of 2nd period - Deflect By Colton Gillies.
15:50 of 2nd period - Shot Misses the Net.
15:50 of 2nd period - Puck is out of play.
15:51 of 2nd period - Yanni Gourde wins face-off versus Ryan Carpenter in Devils zone.
15:51 of 2nd period - Yanni Gourde is hit by Andrew O'Brien.
16:14 of 2nd period - Scooter Vaughan is hit by Andrew Yogan and loses puck.
16:25 of 2nd period - Colton Gillies is hit by Zach O'Brien and loses puck.
16:45 of 2nd period - Snap shot by Matthew Ford.
16:45 of 2nd period - Stopped by Peter Mannino with a rebound.
16:47 of 2nd period - Wrist shot by Matthew Ford.
16:47 of 2nd period - Stopped by Peter Mannino without a rebound.
16:48 of 2nd period - Gemel Smith wins face-off versus Matthew Ford in Marlies zone.
16:48 of 2nd period - Gemel Smith is hit by Joel Hanley.
17:06 of 2nd period - Snap shot by Sean Collins.
17:06 of 2nd period - Shot Blocked by Gemel Smith.
17:08 of 2nd period - Wrist shot by Sean Collins.
17:08 of 2nd period - Stopped by Peter Mannino with a rebound.
17:10 of 2nd period - Snap shot by Gabriel Beaupre.
17:10 of 2nd period - Shot Misses the Net.
17:12 of 2nd period - Snap shot by Joel Hanley.
17:12 of 2nd period - Stopped by Peter Mannino with a rebound.
17:13 of 2nd period - Phil Di Giuseppe beats up Matthew Ford.
17:13 of 2nd period - Penalty to Matthew Ford for Fighting.
17:13 of 2nd period - Penalty to Phil Di Giuseppe for Fighting.
17:14 of 2nd period - Chad Nehring wins face-off versus Yanni Gourde in Marlies zone.
17:31 of 2nd period - Snap shot by Chad Nehring.
17:31 of 2nd period - Shot Blocked by Garrett Thompson.
17:33 of 2nd period - Slapshot by Scott Harrington.
17:33 of 2nd period - Deflect By Colin Miller.
17:33 of 2nd period - Goal by Scott Harrington - Marlies : 1 - Devils : 1.
17:34 of 2nd period - Gemel Smith wins face-off versus Jordan Martinook in neutral zone.
18:53 of 2nd period - Off-side.
18:54 of 2nd period - Tom Kuhnhackl wins face-off versus Chad Nehring in neutral zone.
19:01 of 2nd period - Wrist shot by Darroll Powe.
19:01 of 2nd period - Stopped by Peter Mannino with a rebound.
19:03 of 2nd period - Slapshot by Joel Hanley.
19:03 of 2nd period - Stopped by Peter Mannino without a rebound.
19:04 of 2nd period - Chad Nehring wins face-off versus Tom Kuhnhackl in Marlies zone.
19:47 of 2nd period - Snap shot by Ian Schultz.
19:47 of 2nd period - Stopped by Jason Missiaen with a rebound.
19:53 of 2nd period - Darroll Powe is hit by Ian Schultz.
Goals for this period are 1 for Marlies vs 1 for Devils.
Shots for this period are 7 for Marlies vs 14 for Devils.

3rd period


0:01 of 3rd period - Jordan Martinook wins face-off versus Ryan Carpenter in neutral zone.
0:32 of 3rd period - Tom Kuhnhackl is hit by Jonathon Blum and loses puck.
0:39 of 3rd period - Ryan Carpenter is hit by Jordan Martinook and loses puck.
1:49 of 3rd period - Slapshot by Andrew Yogan.
1:49 of 3rd period - Stopped by Jason Missiaen with a rebound.
1:51 of 3rd period - Snap shot by Andrew Yogan.
1:51 of 3rd period - Shot Blocked by John Ramage.
1:53 of 3rd period - Slapshot by Morgan Ellis.
1:53 of 3rd period - Shot Misses the Net.
1:55 of 3rd period - Wrist shot by Colton Gillies.
1:55 of 3rd period - Shot Misses the Net.
1:57 of 3rd period - Slapshot by Brock McGinn.
1:57 of 3rd period - Stopped by Jason Missiaen with a rebound.
2:09 of 3rd period - Slapshot by Morgan Ellis.
2:09 of 3rd period - Stopped by Jason Missiaen with a rebound.
2:11 of 3rd period - Snap shot by Ryan Carpenter.
2:11 of 3rd period - Stopped by Jason Missiaen without a rebound.
2:12 of 3rd period - Chad Nehring wins face-off versus Jordan Martinook in Devils zone.
2:47 of 3rd period - Gabriel Beaupre is hit by Ian Schultz.
3:03 of 3rd period - Yanni Gourde is hit by Ian Schultz.
3:19 of 3rd period - Snap shot by Justin Dowling.
3:19 of 3rd period - Stopped by Peter Mannino with a rebound.
3:48 of 3rd period - Joel Hanley is hit by Scott Harrington and loses puck.
5:40 of 3rd period - Jordan Martinook is hit by Andrew O'Brien and loses puck.
6:03 of 3rd period - Snap shot by Yanni Gourde.
6:03 of 3rd period - Shot Misses the Net.
6:05 of 3rd period - Slapshot by Colin Miller.
6:05 of 3rd period - Shot Blocked by Bobby Shea.
6:07 of 3rd period - Slapshot by Garrett Thompson.
6:07 of 3rd period - Shot Misses the Net.
6:09 of 3rd period - Slapshot by Colin Miller.
6:09 of 3rd period - Shot Misses the Net.
6:11 of 3rd period - Backhand shot by Garrett Thompson.
6:11 of 3rd period - Stopped by Peter Mannino with a rebound.
6:13 of 3rd period - Wrist shot by Scooter Vaughan.
6:13 of 3rd period - Shot Misses the Net.
6:54 of 3rd period - Colton Gillies is hit by Justin Dowling and loses puck.
8:37 of 3rd period - 10 Minutes Misconduct Penalty to Chris Mueller is over.
8:53 of 3rd period - Backhand shot by Gemel Smith.
8:53 of 3rd period - Shot Misses the Net.
9:37 of 3rd period - Austen Brassard is hit by Darroll Powe and loses puck.
9:50 of 3rd period - Nicolas Deschamps is hit by Sean Collins.
10:23 of 3rd period - Rod Pelley is hit by Colton Gillies and loses puck.
10:42 of 3rd period - Minor Penalty to Shane Bakker for Interference.
10:43 of 3rd period - Gemel Smith wins face-off versus Chris Mueller in Marlies zone.
10:43 of 3rd period - Gemel Smith is hit by Garrett Thompson.
11:15 of 3rd period - Colton Gillies is hit by Jordan Martinook and loses puck.
11:20 of 3rd period - Snap shot by Jordan Martinook.
11:20 of 3rd period - Shot Misses the Net.
11:22 of 3rd period - Snap shot by Chris Mueller.
11:22 of 3rd period - Shot Misses the Net.
11:49 of 3rd period - Phil Di Giuseppe is hit by Darroll Powe and loses puck.
12:31 of 3rd period - Icing by Scooter Vaughan.
12:32 of 3rd period - Chad Nehring wins face-off versus Matthew Ford in Devils zone.
12:42 of 3rd period - Penalty to Shane Bakker is over, Shane Bakker is back on ice.
13:19 of 3rd period - Ryan Carpenter is hit by Rod Pelley and loses puck.
13:34 of 3rd period - Ryan Carpenter is hit by Scooter Vaughan and loses puck.
13:47 of 3rd period - Nicolas Deschamps is hit by Joel Hanley and loses puck.
14:00 of 3rd period - Wrist shot by Yanni Gourde.
14:00 of 3rd period - Stopped by Peter Mannino with a rebound.
14:48 of 3rd period - Icing by Gemel Smith.
14:49 of 3rd period - Gemel Smith wins face-off versus Matthew Ford in Marlies zone.
14:49 of 3rd period - Gemel Smith is hit by Matthew Ford.
14:59 of 3rd period - Snap shot by Gemel Smith.
14:59 of 3rd period - Stopped by Jason Missiaen with a rebound.
15:39 of 3rd period - Wrist shot by Yanni Gourde.
15:39 of 3rd period - Shot Misses the Net.
16:12 of 3rd period - Morgan Ellis is hit by Garrett Thompson and loses puck.
16:41 of 3rd period - Darren Archibald is hit by Austen Brassard and loses puck.
16:54 of 3rd period - Snap shot by Andrew Yogan.
16:54 of 3rd period - Stopped by Jason Missiaen with a rebound.
17:04 of 3rd period - Gabriel Beaupre is hit by Andrew Yogan and loses puck.
17:25 of 3rd period - Wrist shot by Yanni Gourde.
17:25 of 3rd period - Stopped by Peter Mannino without a rebound.
17:26 of 3rd period - Scooter Vaughan wins face-off versus Chad Nehring in Marlies zone.
17:29 of 3rd period - Wrist shot by Scooter Vaughan.
17:29 of 3rd period - Deflect By Yanni Gourde.
17:29 of 3rd period - Shot Misses the Net.
17:29 of 3rd period - Puck is out of play.
17:30 of 3rd period - Chad Nehring wins face-off versus Yanni Gourde in Marlies zone.
17:47 of 3rd period - Slapshot by Sena Acolatse.
17:47 of 3rd period - Shot Blocked by Andrew O'Brien.
17:47 of 3rd period - Andrew O'Brien from Marlies is injured at 17:47 of 3rd period (Strained Right Elbow).
17:48 of 3rd period - Ryan Carpenter wins face-off versus Jordan Martinook in Marlies zone.
17:55 of 3rd period - Wrist shot by Colton Gillies.
17:55 of 3rd period - Shot Blocked by Garrett Thompson.
17:57 of 3rd period - Snap shot by Jonathon Blum.
17:57 of 3rd period - Stopped by Jason Missiaen without a rebound.
17:58 of 3rd period - Jordan Martinook wins face-off versus Austen Brassard in Devils zone.
18:10 of 3rd period - Off-side.
18:11 of 3rd period - Matthew Ford wins face-off versus Gemel Smith in neutral zone.
19:01 of 3rd period - Minor Penalty to Jonathon Blum for Hooking.
19:02 of 3rd period - Colton Gillies wins face-off versus Chris Mueller in Marlies zone.
19:19 of 3rd period - Backhand shot by Travis Ehrhardt.
19:19 of 3rd period - Shot Blocked by Chris Mueller.
19:21 of 3rd period - Slapshot by Travis Ehrhardt.
19:21 of 3rd period - Shot Misses the Net.
19:23 of 3rd period - Slapshot by Morgan Ellis.
19:23 of 3rd period - Stopped by Jason Missiaen with a rebound.
19:25 of 3rd period - Wrist shot by Colton Gillies.
19:25 of 3rd period - Shot Misses the Net.
19:40 of 3rd period - Off-side.
19:41 of 3rd period - Colton Gillies wins face-off versus Matthew Ford in neutral zone.
19:52 of 3rd period - Slapshot by Sean Collins.
19:52 of 3rd period - Deflect By Matthew Ford.
19:52 of 3rd period - Shot Blocked by Scott Harrington.
19:52 of 3rd period - Puck is out of play.
19:53 of 3rd period - Colton Gillies wins face-off versus Matthew Ford in Marlies zone.
Goals for this period are 0 for Marlies vs 0 for Devils.
Shots for this period are 8 for Marlies vs 4 for Devils.

Overtime #1


0:01 of 1st overtime period - Colton Gillies wins face-off versus Justin Dowling in neutral zone.
0:19 of 1st overtime period - Slapshot by Scott Harrington.
0:19 of 1st overtime period - Stopped by Jason Missiaen with a rebound.
0:54 of 1st overtime period - Colton Gillies is hit by Colin Miller and loses puck.
0:55 of 1st overtime period - Colton Gillies from Marlies is injured at 0:55 of 1st overtime period (Torn Right Knee Ligaments).
0:56 of 1st overtime period - Andrew Yogan wins face-off versus Justin Dowling in Marlies zone.
1:01 of 1st overtime period - Penalty to Jonathon Blum is over, Jonathon Blum is back on ice.
1:53 of 1st overtime period - Wrist shot by Chris Mueller.
1:53 of 1st overtime period - Deflect By Scott Harrington.
1:53 of 1st overtime period - Shot Misses the Net.
1:53 of 1st overtime period - Puck is out of play.
1:54 of 1st overtime period - Shane Bakker wins face-off versus Justin Dowling in Marlies zone.
2:15 of 1st overtime period - Sena Acolatse is hit by Shane Bakker and loses puck.
2:24 of 1st overtime period - Snap shot by Justin Dowling.
2:24 of 1st overtime period - Shot Misses the Net.
3:23 of 1st overtime period - Wrist shot by Justin Dowling.
3:23 of 1st overtime period - Shot Misses the Net.
3:25 of 1st overtime period - Wrist shot by Justin Dowling.
3:25 of 1st overtime period - Shot Misses the Net.
4:01 of 1st overtime period - Off-side.
4:02 of 1st overtime period - Justin Dowling wins face-off versus Gemel Smith in neutral zone.
4:13 of 1st overtime period - Slapshot by Morgan Ellis.
4:13 of 1st overtime period - Stopped by Jason Missiaen with a rebound.
4:48 of 1st overtime period - Slapshot by Scott Harrington.
4:48 of 1st overtime period - Stopped by Jason Missiaen without a rebound.
4:49 of 1st overtime period - Tom Kuhnhackl wins face-off versus Andrew Yogan in Devils zone.
Goals for this period are 0 for Marlies vs 0 for Devils.
Shots for this period are 3 for Marlies vs 0 for Devils.

ShootOut


5:00 of 1st overtime period - Penalty Shot by Andrew Yogan for Marlies.
5:00 of 1st overtime period - Snap shot by Andrew Yogan.
5:00 of 1st overtime period - Stopped by Jason Missiaen.
5:00 of 1st overtime period - Penalty Shot by Tom Kuhnhackl for Devils.
5:00 of 1st overtime period - Deke by Tom Kuhnhackl.
5:00 of 1st overtime period - Stopped by Peter Mannino.
5:00 of 1st overtime period - Penalty Shot by Ryan Carpenter for Marlies.
5:00 of 1st overtime period - Deke by Ryan Carpenter.
5:00 of 1st overtime period - Shot Misses the Net.
5:00 of 1st overtime period - Penalty Shot by Justin Dowling for Devils.
5:00 of 1st overtime period - Wrist shot by Justin Dowling.
5:00 of 1st overtime period - Stopped by Peter Mannino.
5:00 of 1st overtime period - Penalty Shot by Phil Di Giuseppe for Marlies.
5:00 of 1st overtime period - Deke by Phil Di Giuseppe.
5:00 of 1st overtime period - Stopped by Jason Missiaen.
5:00 of 1st overtime period - Penalty Shot by Chris Mueller for Devils.
5:00 of 1st overtime period - Wrist shot by Chris Mueller.
5:00 of 1st overtime period - Stopped by Peter Mannino.
5:00 of 1st overtime period - Penalty Shot by Gemel Smith for Marlies.
5:00 of 1st overtime period - Snap shot by Gemel Smith.
5:00 of 1st overtime period - Goal by Gemel Smith.
5:00 of 1st overtime period - Penalty Shot by Jordan Martinook for Devils.
5:00 of 1st overtime period - Wrist shot by Jordan Martinook.
5:00 of 1st overtime period - Goal by Jordan Martinook.
5:00 of 1st overtime period - Penalty Shot by Austen Brassard for Marlies.
5:00 of 1st overtime period - Deke by Austen Brassard.
5:00 of 1st overtime period - Shot Misses the Net.
5:00 of 1st overtime period - Penalty Shot by Matthew Ford for Devils.
5:00 of 1st overtime period - Snap shot by Matthew Ford.
5:00 of 1st overtime period - Stopped by Peter Mannino.
5:00 of 1st overtime period - Penalty Shot by Brock McGinn for Marlies.
5:00 of 1st overtime period - Wrist shot by Brock McGinn.
5:00 of 1st overtime period - Stopped by Jason Missiaen.
5:00 of 1st overtime period - Penalty Shot by Yanni Gourde for Devils.
5:00 of 1st overtime period - Deke by Yanni Gourde.
5:00 of 1st overtime period - Shot Misses the Net.
5:00 of 1st overtime period - Penalty Shot by Chad Nehring for Marlies.
5:00 of 1st overtime period - Deke by Chad Nehring.
5:00 of 1st overtime period - Stopped by Jason Missiaen.
5:00 of 1st overtime period - Penalty Shot by Sean Collins for Devils.
5:00 of 1st overtime period - Backhand shot by Sean Collins.
5:00 of 1st overtime period - Shot Misses the Net.
5:00 of 1st overtime period - Penalty Shot by Travis Ehrhardt for Marlies.
5:00 of 1st overtime period - Wrist shot by Travis Ehrhardt.
5:00 of 1st overtime period - Goal by Travis Ehrhardt.
5:00 of 1st overtime period - Penalty Shot by Zach O'Brien for Devils.
5:00 of 1st overtime period - Snap shot by Zach O'Brien.
5:00 of 1st overtime period - Goal by Zach O'Brien.
5:00 of 1st overtime period - Penalty Shot by Bobby Shea for Marlies.
5:00 of 1st overtime period - Snap shot by Bobby Shea.
5:00 of 1st overtime period - Stopped by Jason Missiaen.
5:00 of 1st overtime period - Penalty Shot by Colin Miller for Devils.
5:00 of 1st overtime period - Deke by Colin Miller.
5:00 of 1st overtime period - Goal by Colin Miller.